 Dungeon Crawl Stone Soup version 0.27.1-37-g7b29ead8ac (console) character file.

Game seed: 4372815799023770695

91237 grimtooth the Convoker (level 16, -1/120 HPs)
             Began as a Barachi Summoner on Sept 26, 2023.
             Was an Elder of Sif Muna.
             Hit by a silver javelin thrown by a merfolk javelineer (3 damage)
             ... on level 1 of the Shoals on Oct 19, 2023.
             The game lasted 05:27:19 (50003 turns).

grimtooth the Convoker (Barachi Summoner)          Turns: 50003, Time: 05:27:21

Health: -1/120     AC: 17    Str: 16    XL:     16   Next: 2%
Magic:  18/32      EV: 17    Int: 28    God:    Sif Muna [****..]
Gold:   2064       SH:  0    Dex: 12    Spells: 10/39 levels left

rFire    . . .     SeeInvis .   a - +1 dagger (elec)
rCold    . . .     Faith    +   (no shield)
rNeg     + . .     Spirit   .   i - +0 ring mail "Ocliyteav" {rPois rN+ Will+ Int+4}
rPois    +         Reflect  .   F - +0 helmet "Iviem" {Will+ Int+4 Slay+2}
rElec    .         Harm     .   y - scarf {+Inv}
rCorr    .         Rampage  .   G - +1 pair of gloves {Str+3}
Will     +++..                  e - +2 pair of boots
Stlth    ++........             j - amulet of faith
HPRegen  0.30/turn              c - +4 ring of protection
MPRegen  0.23/turn              k - +4 ring of evasion

@: very slightly contaminated, studying Earth Magic, invisible, slow
A: amphibious, slowness 1, strong legs 2, +LOS
a: Hop, Renounce Religion, Evoke Invisibility, Channel Magic, Forget Spell,
Divine Exegesis


You were on level 1 of the Shoals.
You worshipped Sif Muna.
Sif Muna was greatly pleased with you.
You visited 6 branches of the dungeon, and saw 25 of its levels.
You also visited: Bailey.

You collected 3636 gold pieces.
You spent 1572 gold pieces at shops.

Inventory:

Hand Weapons
 a - a +1 dagger of electrocution (weapon)
 b - the +7 short sword of Misery {speed, rPois rF- Int+4}
   (You found it on level 11 of the Dungeon)

   Attacks with this weapon are significantly faster.
   Int:       It affects your intelligence (+4).
   rF:        It makes you vulnerable to fire.
   rPois:     It protects you from poison.
Missiles
 l - 51 sling bullets
 w - 34 poisoned darts (quivered)
 A - a throwing net {=f}
Armour
 e - a +2 pair of boots (worn)
 g - a scarf of resistance
 i - the +0 ring mail "Ocliyteav" (worn) {rPois rN+ Will+ Int+4}
   (You found it on level 9 of the Dungeon)

   Int:       It affects your intelligence (+4).
   rPois:     It protects you from poison.
   rN:        It protects you from negative energy.
   Will:      It increases your willpower.
 y - a scarf of invisibility (worn)
 F - the +0 helmet "Iviem" (worn) {Will+ Int+4 Slay+2}
   (You bought it in a shop on level 2 of the Orcish Mines)

   Int:       It affects your intelligence (+4).
   Slay:      It affects your accuracy & damage with ranged weapons and melee
   (+2).
   Will:      It increases your willpower.
 G - a +1 pair of gloves of strength (worn)
Jewellery
 c - a +4 ring of protection (left hand)
 j - an amulet of faith (around neck)
 k - a +4 ring of evasion (right hand)
 n - a ring of protection from cold
 p - a +6 ring of intelligence
 J - a +4 ring of protection
 P - a ring of see invisible
 V - a +6 ring of strength
 X - a ring of magical power
Wands
 v - a wand of polymorph (3)
 B - a wand of mindburst (10)
 C - a wand of charming (6)
 L - a wand of iceblast (7)
 S - a wand of paralysis (20)
 W - a wand of digging (5)
Scrolls
 d - a scroll of summoning
 f - 6 scrolls of magic mapping
 h - a scroll of blinking
 q - 4 scrolls of teleportation
 r - 3 scrolls of noise {unknown}
 t - a scroll of vulnerability
 Z - a scroll of fog {unknown}
Potions
 m - 2 potions of invisibility
 o - 3 potions of curing
 s - a potion of cancellation
 u - 3 potions of might
 x - a potion of brilliance
 z - 5 potions of flight
 D - 2 potions of haste
 I - 2 potions of ambrosia
 Q - 2 potions of resistance


   Skills:
 - Level 9.0 Fighting
 - Level 6.0 Short Blades
 * Level 8.2 Armour
 - Level 6.0 Dodging
 - Level 6.0 Stealth
 + Level 12.3 Spellcasting
 - Level 6.0 Hexes
 + Level 15.4 Summonings
 - Level 9.0 Translocations
 - Level 6.0 Ice Magic
 - Level 6.0 Air Magic
 - Level 6.0 Poison Magic
 - Level 9.0 Invocations
 - Level 6.0 Evocations


You had 10 spell levels left.
You knew the following spells:

 Your Spells              Type           Power      Damage    Failure   Level
b - Poisonous Vapours     Pois/Air       100%       N/A       1%          2
k - Blink                 Tloc           N/A        N/A       1%          2
p - Apportation           Tloc           100%       N/A       1%          1
B - Summon Ice Beast      Ice/Summ       67%        N/A       1%          4
F - Summon Forest         Summ/Tloc      35%        N/A       1%          5
M - Summon Guardian Gole  Hex/Summ       67%        N/A       1%          3
N - Call Canine Familiar  Summ           80%        N/A       1%          3
R - Summon Lightning Spi  Summ/Air       67%        N/A       1%          4
V - Summon Mana Viper     Hex/Summ       67%        N/A       1%          5

Your spell library contained the following spells:

 Spells                   Type           Power      Damage    Failure   Level
 Summon Small Mammal      Summ           100%       N/A       0%          1
 Call Imp                 Summ           80%        N/A       0%          2
 Corona                   Hex            55%        N/A       1%          1
 Freeze                   Ice            100%       1d11      1%          1
 Sting                    Tmut/Pois      100%       1d8       1%          1
 Frozen Ramparts          Ice            100%       1d12      1%          3
 Gell's Gravitas          Tloc           30%        N/A       1%          3
 Ozocubu's Armour         Ice            50%        N/A       1%          3
 Portal Projectile        Hex/Tloc       100%       N/A       1%          3
 Teleport Other           Tloc           61%        N/A       1%          3
 Passage of Golubria      Tloc           N/A        N/A       1%          4
 Shadow Creatures         Summ           N/A        N/A       1%          6
 Corpse Rot               Necr/Air       N/A        N/A       2%          2
 Animate Armour           Summ/Erth      100%       N/A       2%          4
 Mephitic Cloud           Conj/Pois/Air  39%        N/A       3%          3
 Manifold Assault         Tloc           61%        N/A       3%          5
 Spider Form              Tmut/Pois      17%        N/A       4%          3
 Olgreb's Toxic Radiance  Pois           50%        N/A       4%          4
 Animate Skeleton         Necr           34%        N/A       5%          1
 Beastly Appendage        Tmut           34%        N/A       5%          1
 Magic Dart               Conj           68%        1d6       5%          1
 Pain                     Necr           68%        1d7       5%          1
 Sandblast                Erth           34%        2d9       5%          1
 Ignite Poison            Fire/Tmut/Pois 28%        N/A       7%          3
 Monstrous Menagerie      Summ           40%        N/A       8%          7
 Sublimation of Blood     Necr           8%         N/A       9%          2
 Wereblood                Tmut           17%        N/A       9%          2
 Silence                  Hex/Air        25%        N/A       13%         5
 Hailstorm                Conj/Ice       34%        3d9       16%         4
 Ice Form                 Ice/Tmut       34%        N/A       16%         4
 Leda's Liquefaction      Hex/Erth       17%        N/A       16%         4
 Dispersal                Tloc           30%        N/A       21%         6
 Freezing Cloud           Conj/Ice/Air   19%        6-21      28%         5
 Malign Gateway           Summ/Tloc      35%        N/A       30%         7
 Petrify                  Tmut/Erth      17%        N/A       47%         4
 Sticky Flame             Conj/Fire      17%        2d4       47%         4
 Agony                    Necr           17%        N/A       83%         5
 Bolt of Magma            Conj/Fire/Erth 8%         4d6       83%         5
 Excruciating Wounds      Necr           8%         N/A       83%         5
 Fireball                 Conj/Fire      8%         3d6       83%         5
 Irradiate                Conj/Tmut      8%         3d16      83%         5
 Iskenderun's Battlesphe  Conj           17%        2d7       83%         5
 Haunt                    Necr/Summ      28%        N/A       88%         7
 Conjure Ball Lightning   Conj/Air       17%        3x3d6     94%         6
 Eringya's Noxious Bog    Tmut/Pois      17%        N/A       94%         6
 Orb of Destruction       Conj           8%         9d4       100%        7
 Storm Form               Tmut/Air       17%        N/A       100%        7
 Lehudib's Crystal Spear  Conj/Erth      8%         10d4      100%        8
 Polar Vortex             Ice            25%        N/A       100%        9


Dungeon Overview and Level Annotations

Branches:
Dungeon (11/15)            Temple (1/1) D:6            Lair (6/6) D:8
 Shoals (1/4) Lair:4        Snake (4/4) Lair:2        Slime (0/5) Lair:5
    Orc (2/2) D:9             Elf (0/3) Orc:2        Bailey (visited)

Altars:
Ashenzari
Cheibriados
Dithmenos
Elyvilon
Fedhas
Gozag
Hepliaklqana
Kikubaaqudgha
Makhleb
Nemelex Xobeh
Okawaru
Qazlal
Ru
Sif Muna
Trog
Uskayaw
Vehumet
Wu Jian
Xom
Yredelemnul
Zin
The Shining One
Beogh

Shops:
D:7 :   D:8 [   Orc:1 *   Orc:2 :*[(

Annotations:
D:2 1 runed translucent door, Crazy Yiuf
D:3 3 runed translucent doors, hawla's ghost, amateur DrCj
D:6 dig
Lair:2 1 runed translucent door, Kimyis's ghost, journeyman TrFi
Lair:4 Rupert
Lair:6 exclusion: oklob plant


Innate Abilities, Weirdness & Mutations

You are amphibious.
You cover ground slowly.
You can hop long distances.
You have an extended range of vision and can be seen from far away.


Message History

Your lightning spire shoots out a bolt of lightning at the merfolk javelineer!
The bolt of electricity hits the merfolk javelineer!
Press: ? - help, v - describe, . - travel
Here: a merfolk javelineer, wielding a +1 vorpal spear, wearing a +0 leather armour and quivering silver javelins (lightly wounded, ally target) Some shallow water.
The merfolk javelineer throws a silver javelin.
The silver javelin pierces through your lightning spire.
Your lightning spire shoots out a bolt of lightning at the merfolk javelineer!
The bolt of electricity hits the merfolk javelineer!
The merfolk javelineer hits your lightning spire from afar with a +1 vorpal spear!
Your ice beast hits the merfolk javelineer.
Your ice beast freezes the merfolk javelineer!!
The merfolk javelineer throws a silver javelin.
The silver javelin pierces through your lightning spire.
Your ice beast barely misses the merfolk javelineer.
The merfolk javelineer throws a silver javelin.
The silver javelin pierces through your lightning spire!!
Your lightning spire is destroyed!
Your lightning spire disappears in a puff of smoke!
Your ice beast hits the merfolk javelineer.
Your ice beast freezes the merfolk javelineer!
The merfolk javelineer throws a silver javelin.
The silver javelin pierces through your ice beast!
Your ice beast dies!
Your ice beast disappears in a puff of smoke!
Casting: Summon Lightning Spire (mildly dangerous; 1% risk of failure)
Confirm with . or Enter, or press ? or * to list all spells.
An electric hum fills the air.
You are ready to hop once more.
Your ice beast disappears in a puff of smoke!
You start resting.
A merfolk javelineer is nearby!
You see here a +0 trident.
Don't expect to remain undetected while in the water.
The merfolk javelineer throws a silver javelin.
The silver javelin barely misses you.
The merfolk javelineer throws a silver javelin.
The silver javelin pierces through you!!
* * * LOW HITPOINT WARNING * * *
You die...

≈≈≈≈≈≈≈≈≈^.###........m≈.#
≈≈≈≈≈≈≈≈≈≈..###..#....≈≈..
≈≈≈≈≈≈≈≈≈≈≈)##...###.≈≈≈..
≈≈≈≈≈≈≈≈≈≈≈).....# .≈≈≈≈.
≈≈≈≈≈≈≈≈≈≈≈≈≈≈≈≈.###.≈≈≈≈≈
≈≈≈≈≈≈≈≈≈≈≈≈≈≈≈).....≈≈≈≈≈
≈≈≈≈≈≈≈≈≈≈≈≈..≈≈≈..≈≈≈≈≈≈≈
≈≈≈≈≈≈≈≈≈≈≈≈≈.≈≈≈≈≈≈≈≈≈≈≈≈
.≈≈<≈≈≈≈≈≈≈≈≈..8≈≈≈≈≈≈≈≈≈
...≈≈≈≈≈≈≈≈≈.##).≈≈≈≈≈≈≈≈
..≈≈≈≈≈≈≈≈≈≈≈...@≈≈≈≈≈≈≈≈
##≈≈≈≈≈≈≈≈≈≈≈≈..≈≈≈≈≈≈≈≈≈
##.≈≈≈≈≈m≈≈≈≈≈≈)≈≈≈≈≈≈≈≈≈
#..≈≈≈≈≈≈≈≈≈≈≈≈.≈≈≈..≈...
#....≈≈≈≈≈≈≈≈≈≈.≈≈≈≈≈....
#>.....≈≈≈≈≈≈≈≈.≈≈≈≈≈....
..####.≈≈≈≈≈≈≈≈≈≈≈≈≈≈≈...
..## #..≈≈≈≈≈≈≈≈≈≈≈≈≈.≈..
...###.≈≈≈≈≈≈≈≈≈≈≈≈≈≈.≈≈≈
≈>.....≈≈≈≈≈≈≈≈≈≈≈≈..≈≈≈P
≈...≈.≈≈≈≈≈≈≈≈≈≈≈≈≈≈≈≈≈≈≈


You could see a merfolk javelineer (ally target) and a friendly lightning spire
(summoned).

Vanquished Creatures
  A storm dragon (D:11)
  An orc warlord (Orc:2)
  2 boulder beetles
  A death knight (D:9)
  3 death yaks (Lair:3)
  A two-headed ogre (D:9)
  Urug (Orc:2)
  An orc high priest (Orc:2)
  A naga sharpshooter (Snake:1)
  2 shock serpents
  A sea snake (Shoals:1)
  A mana viper (Snake:1)
  2 lindwurms
  3 ugly things
  A cyclops (Orc:2)
  9 salamanders
  A manticore (Shoals:1)
  6 elephants
  11 black mambas
  A water nymph (Shoals:1)
  A torpor snail (Lair:6)
  2 centaur zombies (D:11)
  A naga mage (Snake:1)
  A gargoyle (D:11)
  11 cane toads
  3 komodo dragons
  2 trolls
  4 merfolk
  A meliai (D:8)
  A polar bear (Lair:4)
  2 hornets
  A wind drake (Shoals:1)
  11 blink frogs
  3 tyrant leeches (Lair:6)
  The ghost of Lorrdernie the Summoner, a novice FeSu (D:7)
  2 dream sheep (Lair:4)
  A snapping turtle (Shoals:1)
  4 wyverns
  10 yaks
  3 basilisks
  Eustachio (D:5)
  4 vampire mosquitoes
  A steam dragon (D:8)
  17 nagas
  Menkaure (D:6)
  6 water moccasins
  18 orc warriors
  2 black bears
  A sky beast (D:8)
  3 ogres
  18 wolves
  4 centaurs
  21 bullfrogs
  A gnoll sergeant (D:8)
  A water moccasin zombie (D:6)
  11 killer bees
  6 wights
  A howler monkey (D:10)
  3 electric eels
  A lava snake (Lair:6)
  A bullfrog zombie (D:5)
  A hound (D:5)
  A centaur skeleton (D:7)
  11 orc priests
  2 gnoll shamans
  2 iguanas
  11 orc wizards
  3 gnolls
  An adder (D:6)
  A shadow imp (D:6)
  A white imp (D:6)
  2 dart slugs
  40 orcs
  5 goblins
  3 hobgoblins
  6 jackals
  2 quokkas (D:4)
  2 ball pythons
  2 bats (D:3)
  19 kobolds
  4 rats
356 creatures vanquished.

Vanquished Creatures (collateral kills)
  A merfolk impaler (Shoals:1)
  A salamander tyrant (Snake:2)
  4 hydras
  3 naga warriors
  6 two-headed ogres
  A catoblepas (Lair:3)
  4 anacondas
  3 death yaks
  2 orc high priests (Orc:2)
  3 shock serpents
  3 naga sharpshooters
  A salamander mystic (Snake:3)
  A skeletal warrior (D:8)
  A goliath frog (Lair:6)
  2 sea snakes (Shoals:1)
  3 naga ritualists
  7 mana vipers
  6 orc knights
  3 orc sorcerers (Orc:2)
  5 oklob plants
  4 fauns (Shoals:1)
  A cyclops (D:9)
  2 ugly things (D:9)
  12 salamanders
  4 slime creatures (D:8)
  9 elephants
  A merfolk siren (Shoals:1)
  11 naga magi
  3 guardian serpents
  A gargoyle (D:10)
  15 black mambas
  An unseen horror (D:10)
  6 cane toads
  A rime drake (Lair:5)
  3 komodo dragons
  A merfolk (Shoals:1)
  A tyrant leech (Lair:6)
  13 blink frogs
  2 dream sheep (Lair:4)
  33 yaks
  6 wyverns
  A wyvern (shapeshifter) (D:9)
  A shadow (D:9)
  A fire elemental (Lair:6)
  5 basilisks
  A vampire mosquito (Lair:6)
  3 acid dragons
  18 nagas
  2 wargs
  13 water moccasins
  14 orc warriors
  2 ice beasts (D:8)
  3 black bears
  A boggart (D:9)
  4 ogres
  10 wolves
  A centaur (Lair:4)
  3 kobold brigands
  3 bullfrogs
  2 wyvern zombies
  3 scorpions
  2 killer bees
  11 wights
  A jelly (D:5)
  A nameless horror (Snake:1)
  A crimson imp (D:9)
  A centaur zombie (D:7)
  12 orc priests
  A gnoll shaman (D:10)
  Ijyb (D:3)
  2 iguanas
  16 orc wizards
  A killer bee simulacrum (D:8)
  5 gnolls
  An adder (D:2)
  2 shadow imps
  2 white imps (D:8)
  An ufetubus (D:6)
  2 worms (D:2)
  60 orcs
  2 ball pythons
  2 endoplasms
  2 giant cockroaches
  3 goblins
  7 hobgoblins
  2 jackals (D:3)
  A quokka (D:2)
  A bat (D:3)
  3 kobolds
  A rat (D:3)
428 creatures vanquished.

Vanquished Creatures (others)
  2 hydras
  A death knight (D:9)
  An anaconda (Snake:3)
  A death yak (Lair:3)
  A naga sharpshooter (Snake:2)
  An orc high priest (Orc:2)
  A shock serpent (Snake:3)
  A naga ritualist (Snake:2)
  A cyclops (D:9)
  2 black mambas (Snake:3)
  A hornet (D:9)
  2 slime creatures (D:8)
  14 yaks
  A naga (Snake:3)
  A black bear (Lair:1)
  7 orc warriors
  A wight (D:9)
  An orc (Orc:1)
  A bush (D:8)
  A fire vortex (Lair:6)
  65 fungi
  168 plants
  4 snaplasher vines
  3 withered plants (D:8)
282 creatures vanquished.

Grand Total: 1066 creatures vanquished

Notes
Turn   | Place    | Note
-------+----------+-------------------------------------------
     0 | D:1      | grimtooth the Barachi Summoner began the quest for the Orb.
     0 | D:1      | Reached XP level 1. HP: 13/13 MP: 3/3
   206 | D:1      | Reached skill level 5 in Summonings
   442 | D:2      | Reached XP level 2. HP: 19/19 MP: 5/5
   445 | D:2      | Learned a level 2 spell: Call Imp
   940 | D:2      | Reached XP level 3. HP: 24/24 MP: 4/7
  1188 | D:2      | Found a runed translucent door.
  1189 | D:2      | Noticed Crazy Yiuf
  1593 | D:3      | Found a faded altar of an unknown god.
  1765 | D:3      | Found a hazy altar of Hepliaklqana.
  1783 | D:3      | Noticed an ogre
  1784 | D:3      | Noticed Ijyb
  1862 | D:4      | Learned a level 3 spell: Call Canine Familiar
  1876 | D:4      | Reached skill level 6 in Summonings
  1993 | D:4      | Reached XP level 4. HP: 8/30 MP: 4/8
  2298 | D:4      | Noticed a scorpion
  2322 | D:4      | Killed a scorpion
  2675 | D:4      | Found a blossoming altar of Fedhas.
  2989 | D:5      | Entered Level 5 of the Dungeon
  3023 | D:5      | Reached XP level 5. HP: 31/35 MP: 4/10
  3100 | D:5      | Noticed a two-headed ogre
  3101 | D:5      | - already?
  3224 | D:3      | Killed an ogre
  3225 | D:3      | Reached skill level 7 in Summonings
  3287 | D:3      | Killed Ijyb
  3348 | D:3      | Found a runed translucent gate.
  3363 | D:3      | Found a runed translucent gate.
  3394 | D:3      | Found a runed translucent gate.
  3394 | D:3      | Noticed hawla's ghost (amateur DrCj)
  3699 | D:5      | Noticed a kobold brigand
  3947 | D:5      | Killed a kobold brigand
  3948 | D:5      | Reached XP level 6. HP: 28/41 MP: 5/12
  4053 | D:5      | Identified the +0 hunting sling of Pidgh {flame, rF- rCorr
                  | SInv Stlth-}
  4083 | D:5      | Noticed a water moccasin
  4120 | D:5      | Killed a water moccasin
  4121 | D:5      | Reached skill level 8 in Summonings
  4382 | D:5      | Found a broken altar of Ashenzari.
  4519 | D:5      | Noticed Eustachio
  5502 | D:6      | Noticed Menkaure
  5511 | D:6      | Killed Menkaure
  5512 | D:6      | Reached skill level 9 in Summonings
  5512 | D:6      | Reached XP level 7. HP: 30/46 MP: 9/13
  5684 | D:6      | Found a staircase to the Ecumenical Temple.
  5689 | Temple   | Entered the Ecumenical Temple
  5757 | Temple   | - wow what choices
  6057 | D:6      | Reached skill level 1 in Fighting
  6269 | D:6      | Found a glowing silver altar of Zin.
  7146 | D:6      | Found an opulent altar of Gozag.
  7229 | D:6      | Reached XP level 8. HP: 46/60 MP: 7/14
  7408 | D:5      | Learned a level 3 spell: Summon Guardian Golem
  7413 | D:5      | Learned a level 4 spell: Summon Lightning Spire
  7597 | D:5      | Killed Eustachio
  7684 | Temple   | Became a worshipper of Sif Muna the Loreminder
  7791 | D:7      | Found Iluohoi's Self-Improvement Boutique.
  8027 | D:7      | Reached skill level 5 in Fighting
  8219 | D:7      | Noticed Lorrdernie's ghost (novice FeSu)
  8291 | D:7      | Found a runed translucent door.
  8307 | D:7      | Reached skill level 10 in Summonings
  8844 | D:8      | Noticed a wyvern
  9030 | D:8      | Found an ancient bone altar of Kikubaaqudgha.
  9034 | D:8      | Reached * piety under Sif Muna
  9035 | D:8      | Reached skill level 11 in Summonings
  9035 | D:8      | Reached XP level 9. HP: 69/69 MP: 15/15
  9374 | D:8      | Reached skill level 1 in Hexes
  9374 | D:8      | Reached skill level 1 in Air Magic
  9435 | D:8      | Identified 2 scrolls of acquirement
  9448 | D:8      | Reached skill level 12 in Summonings
  9565 | D:8      | Found Fufyari Qote's Armour Shop.
  9616 | D:8      | Found a staircase to the Lair.
  9761 | D:8      | Found an iron altar of Okawaru.
 10204 | D:8      | Noticed a meliai
 10204 | D:8      | Noticed a two-headed ogre
 10485 | D:7      | Reached XP level 10. HP: 65/76 MP: 13/16
 10583 | D:8      | Reached skill level 5 in Hexes
 10583 | D:8      | Reached skill level 5 in Air Magic
 10585 | D:8      | Reached skill level 5 in Stealth
 10991 | D:9      | Identified the +0 ring mail "Ocliyteav" {rPois rN+ Will+
                  | Int+4}
 11273 | D:9      | Noticed a two-headed ogre
 11286 | D:9      | Killed a two-headed ogre
 11287 | D:9      | Reached skill level 1 in Invocations
 11464 | D:9      | Reached ** piety under Sif Muna
 11585 | D:9      | Noticed a death knight
 11611 | D:9      | Killed a death knight
 11740 | D:9      | Noticed a death knight
 11879 | D:9      | Noticed a two-headed ogre
 11909 | D:9      | Killed a two-headed ogre
 12061 | D:9      | Found a staircase to the Orcish Mines.
 12069 | D:9      | Noticed a two-headed ogre
 12117 | D:8      | Reached skill level 5 in Spellcasting
 12313 | D:9      | Killed a death knight
 12314 | D:9      | Reached XP level 11. HP: 46/81 MP: 12/18
 12555 | D:9      | Noticed a red ugly thing
 12572 | D:9      | Noticed a purple ugly thing
 12572 | D:9      | Noticed a cyan ugly thing
 12754 | D:9      | Killed a two-headed ogre
 12839 | D:9      | Reached skill level 5 in Invocations
 12907 | D:9      | Noticed a two-headed ogre
 12927 | D:9      | Killed a two-headed ogre
 12928 | D:9      | Reached skill level 5 in Dodging
 13191 | D:9      | Found a burning altar of Makhleb.
 13192 | D:9      | Found a shimmering altar of Xom.
 13381 | D:9      | Noticed a cyclops
 13697 | D:9      | Noticed a cyclops
 14155 | D:9      | Killed a cyclops
 14385 | D:9      | Acquired 806 gold pieces
 14387 | D:9      | Acquired a +1 pair of gloves of strength
 14420 | D:10     | Entered Level 10 of the Dungeon
 14431 | D:10     | Found a flagged portal.
 14477 | Bailey   | Entered a bailey
 14503 | Bailey   | Noticed an orc knight
 14516 | Bailey   | Reached *** piety under Sif Muna
 14523 | Bailey   | Killed an orc knight
 15556 | D:10     | Reached **** piety under Sif Muna
 15929 | D:10     | Found a radiant altar of Vehumet.
 15930 | D:10     | Found a snail-covered altar of Cheibriados.
 15931 | D:10     | Found a white marble altar of Elyvilon.
 15931 | D:10     | Found a hide-covered altar of Uskayaw.
 16143 | D:11     | Noticed a fire giant
 16143 | D:11     | Noticed a storm dragon
 16143 | D:11     | Noticed a red ugly thing
 16145 | D:11     | - what are these vaults
 16148 | D:11     | Noticed a two-headed ogre
 16149 | D:11     | Noticed an eight-headed hydra
 16171 | D:11     | Killed a two-headed ogre
 16218 | D:11     | Killed an eight-headed hydra
 16296 | D:11     | Learned a level 1 spell: Apportation
 16408 | D:11     | Noticed a yaktaur captain
 16512 | Lair:1   | Entered Level 1 of the Lair of Beasts
 16569 | Lair:1   | Reached skill level 1 in Short Blades
 16880 | Lair:1   | Reached skill level 1 in Evocations
 17402 | Lair:1   | Reached XP level 12. HP: 94/94 MP: 18/21
 17739 | Lair:2   | Noticed an eight-headed hydra
 18167 | Lair:2   | Found a runed translucent door.
 18168 | Lair:2   | Found a shimmering altar of Xom.
 18168 | Lair:2   | Noticed Kimyis's ghost (journeyman TrFi)
 18300 | Lair:2   | Found a staircase to the Snake Pit.
 19209 | Lair:3   | Noticed a catoblepas
 19255 | Lair:3   | Noticed a death yak
 19273 | Lair:3   | Killed a death yak
 19274 | Lair:3   | Reached skill level 5 in Short Blades
 19341 | Lair:3   | Learned a level 2 spell: Poisonous Vapours
 19440 | Lair:3   | Noticed a death yak
 19530 | Lair:3   | Reached skill level 5 in Evocations
 20256 | Lair:3   | Noticed an eight-headed hydra
 20368 | Lair:3   | Noticed a death yak
 20379 | Lair:3   | Noticed a death yak
 20912 | Lair:4   | Reached skill level 1 in Poison Magic
 21635 | Lair:4   | Reached ***** piety under Sif Muna
 21651 | Lair:4   | Noticed a death yak
 21683 | Lair:4   | Noticed Rupert
 21852 | Lair:4   | Reached skill level 13 in Summonings
 22155 | Lair:4   | Noticed a five-headed hydra
 22167 | Lair:4   | Killed a five-headed hydra
 22435 | Lair:4   | Received a gift from Sif Muna
 22436 | Lair:4   | Got Sif Muna's Reference Book on the Glacier and
                  | Translocation {god gift}
 22966 | Lair:4   | Found a staircase to the Shoals.
 23074 | Lair:4   | Gained mutation: You can hop long distances. [Barachi
                  | growth]
 23074 | Lair:4   | Reached XP level 13. HP: 89/101 MP: 11/22
 23528 | Lair:5   | Found a staircase to the Slime Pits.
 23537 | Lair:5   | Reached skill level 5 in Poison Magic
 23626 | Lair:5   | Reached skill level 14 in Summonings
 24380 | Lair:6   | Entered Level 6 of the Lair of Beasts
 26141 | D:9      | Learned a level 5 spell: Summon Forest
 26142 | Orc:1    | Entered Level 1 of the Orcish Mines
 26142 | Orc:1    | Found Kof Bum's Assorted Antiques.
 26217 | Orc:1    | Reached skill level 1 in Translocations
 26598 | Orc:1    | Bought a scroll labelled BUPRIWKINWE for 30 gold pieces
 26598 | Orc:1    | Bought a black potion for 27 gold pieces
 26598 | Orc:1    | Bought a scroll of teleportation for 90 gold pieces
 26598 | Orc:1    | Bought a glowing puce potion for 27 gold pieces
 26966 | Orc:2    | Entered Level 2 of the Orcish Mines
 26998 | Orc:2    | Reached skill level 15 in Summonings
 27340 | Orc:2    | Noticed Urug
 27350 | Orc:2    | Received a gift from Sif Muna
 27357 | Orc:2    | Killed Urug
 27420 | Orc:2    | Found a staircase to the Elven Halls.
 27680 | Orc:2    | Paralysed by an orc sorcerer for 4 turns
 28907 | Orc:2    | Received a gift from Sif Muna
 29134 | Orc:2    | Got Sif Muna's Collected Works on the Entourage and Earth
                  | {god gift}
 29135 | Orc:2    | Noticed an orc warlord
 29179 | Orc:2    | Killed an orc warlord
 29180 | Orc:2    | Reached skill level 5 in Translocations
 30103 | Orc:2    | Found Ujyalynk's Antique Armour Boutique.
 30104 | Orc:2    | Found Ciyneh's Antique Weapon Shop.
 30107 | Orc:2    | Found Ecacrita's General Store.
 30107 | Orc:2    | Found Axiycer's Book Boutique.
 30243 | Orc:2    | Bought the +0 helmet "Iviem" {Will+ Int+4 Slay+2} for 474
                  | gold pieces
 30244 | Orc:2    | Bought a Trismegistus Codex for 336 gold pieces
 30896 | D:8      | Reached XP level 14. HP: 90/108 MP: 18/23
 31994 | D:7      | Killed Lorrdernie's ghost
 32180 | Lair:4   | HP: 1/102 [acid (12)]
 32181 | Lair:4   | - whoops
 32923 | D:11     | Killed a storm dragon
 32940 | D:11     | Identified the +7 short sword of Misery {speed, rPois rF-
                  | Int+4}
 33671 | D:11     | Received a gift from Sif Muna
 34598 | D:8      | Learned a level 4 spell: Summon Ice Beast
 34604 | D:8      | Learned a level 5 spell: Summon Mana Viper
 34649 | Snake:1  | Entered Level 1 of the Snake Pit
 36471 | Snake:1  | Reached skill level 1 in Armour
 36636 | Snake:2  | Found a shimmering altar of Xom.
 39384 | Snake:2  | Reached skill level 10 in Spellcasting
 39395 | Snake:2  | Reached skill level 5 in Armour
 40404 | Snake:3  | Received a gift from Sif Muna
 40405 | Snake:3  | Got Kuskaow's Papyrus of the Mutagenic Escort {god gift}
 40571 | Snake:3  | Reached XP level 15. HP: 91/113 MP: 15/29
 40672 | Snake:3  | Reached skill level 1 in Ice Magic
 42622 | Snake:3  | - ok I feel like a fleeing anaconda should stop
                  | constricting me
 42647 | Snake:3  | - so I'm stuck with this forest that isnt doing anything
 42654 | Snake:3  | - wait theres another invisible &^*! around here
 43990 | Orc:1    | Bought a wand of iceblast (5) for 120 gold pieces
 43990 | Orc:1    | Bought a wand of paralysis (11) for 60 gold pieces
 44044 | Orc:2    | Bought an Inescapable Atlas for 408 gold pieces
 44047 | Orc:2    | Learned a level 2 spell: Blink
 44657 | Lair:3   | Reached skill level 5 in Ice Magic
 45423 | Lair:6   | - this smells like a pond
 46260 | Lair:6   | Received a gift from Sif Muna
 46261 | Lair:6   | Got Sif Muna's Compendium of Destructive Ice {god gift}
 48788 | Snake:4  | Entered Level 4 of the Snake Pit
 49043 | Snake:4  | Noticed a nagaraja
 49237 | Shoals:1 | Entered Level 1 of the Shoals
 49859 | Shoals:1 | Reached XP level 16. HP: 117/120 MP: 20/32
 49979 | Shoals:1 | HP: 6/120 [merfolk javelineer/silver javelin (2)]
 50003 | Shoals:1 | HP: 2/120 [merfolk javelineer/silver javelin (21)]
 50003 | Shoals:1 | Hit by a silver javelin thrown by a merfolk javelineer

Illustrated notes +# #. ..# #.#. .w# #.#.#. #.# #.#.#.#. #.# #.#?#.#.#. #.# #.#.#.#.#.#. #.# #.#.#.#.#.#.#. #.#.#.#.#.#.#.#.#. #@#!#.#.#.#.#.#.#. #.#.#.#.#.#.#.#.#.# #.#.#.#.#.#.#.#.#.#. #.#.#.#.#.#.#.#.#.#.# #.#.#.#.#.#.#.#.#.#.#. #.#.#.#.#.#.#.#.#.#.#.# #O#.#.#.#.#.#.#.#.#.#.#. #.#.#.#.#.#.#.#.#.#.#.#.# .#.#.#.#.#.#.#.#.#.#.#.#. .#.#.#.#.#.#.#.#.#.#.#.# .#.#.#.#.#.#.#.#.#.#.#. Turn 3101 on D:5: - already?

§§≈≈≈§≈§≈≈≈≈≈≈≈§≈≈§ ≈
§§≈≈≈≈≈≈≈≈≈≈≈≈≈≈≈≈§
≈≈§≈≈≈≈≈≈≈§≈≈≈≈≈≈≈≈≈≈
§§≈≈≈≈≈≈≈≈≈≈≈≈≈≈≈≈≈≈
§§§≈≈≈≈≈≈≈...§≈≈≈≈≈≈
§§§§§§§§§≈≈.....≈≈≈≈≈≈≈
§§≈§≈≈≈≈§≈.......≈≈≈≈§§§
§§≈≈≈§§≈§≈.........≈≈≈§§§
≈≈≈≈≈≈≈≈§≈≈.....@.....≈§§≈≈≈≈§≈≈≈
≈≈≈≈≈≈≈§≈≈.............≈≈≈≈§≈≈≈≈≈
≈≈≈§≈≈≈≈≈...............≈≈≈≈≈≈§≈§
≈§§≈≈§§≈.................§≈§≈§§§≈
§§≈≈≈§≈...................≈≈≈§§§≈
≈≈≈§≈≈...._..........._....§≈≈≈§≈
≈≈§≈≈.....................§.≈§≈≈≈
§§≈≈.........................≈≈§§
≈≈≈..........................§§§≈
§≈...._........._........._....§≈
≈..............................§§


Turn 5757 on Temple: - wow what choices #.#####...# #. #.........##########.
#.................... #.................... #....................
#.................... ###+##.................... .........######...........
.........#.u#)##.......... .........#.# #....###### ...#####.@##.# #....#.....
.. #.##.#.##....+..... . #.# ## D##...#..... #.# C. $#...#..... #.#
##$##...#..... #.# .##....'...## ... # #....#####. ..# #.......... ..#
#....#####. #.....# #. .........# #. Turn 16145 on D:11: - what are these vaults
##..##...[..#P..###.#.#. ####...#.####### ##..#÷ ##.#### ..#. #..# ##.#. ##.#
#.#. #♣#.# #.## #...♣# #(.# ♣#...♣# #@# #..8.$# #.. #♣.†.#..# #.. #.♣@♣### #..
#$$P♣ #.# #P.R# # ♣♣### Turn 32181 on Lair:4: - whoops ##############
.............# .............# .............# .............# .............#
............## #+# ...........#####@######## ...........##..SS.##....#
#####......##...Y.##....# ######.....##..YYS##....# ....##.....##..hSS##....#
....##.....##..SSS##....# ...)##.....######.##.#..##
....##......#####S##'##..###### ######..<......##.N..##.......##.
#####..........##.....'........'. ...............##....##.......##. Turn 42622
on Snake:3: - ok I feel like a fleeing anaconda should stop constricting me
#####♣#♣#♣#♣♣#♣♣######### ....#♣..................# ....##.♣....♣...........#
....#♣......S...........# ....##.S.N..YYh.@......)# ....##......Y†..........#
...##♣#†♣♣♣#♣#♣#........# ..####♣.########♣♣♣#.#### ..##.....##....# #
..##...S.##....# ..##..YYS##....# ..##..hSS##....# ..##...SS##....#
..######N##.#..## ...#####'##'##..###### ## Turn 42647 on Snake:3: - so I'm
stuck with this forest that isnt doing anything #♣#♣#♣###############
#♣..................# ##.♣.........S8.....# #♣......Y...........#
##.S.NN..Y.h§......)# ##...N..SY.§....@...# #♣#†♣♣######........#
##♣.############.#### .....##....# #+# ...S.##....# ..YYS##....# ..hSS##....#
...SS##....# ####N##.#..## ####'##'##..###### ## ..##....##.......##... Turn
42654 on Snake:3: - wait theres another invisible &^*! around here
#............≈ #............≈ #..........# #P.........# #.P.....§≈≈#
#P.PP....§§## ##...P..§§≈≈# ≈ ####.......§§≈# .. #P.#.....#§.§.#.≈
#............#.# #....@†..F....# #............#.... #............#
#)............... #.#...........#P...# ..............#.P....
§§§..#....#P...P...... §§§§.................# ≈§≈.§.................
≈≈§§PP....#.......... ......#..#####..#.. Turn 45423 on Lair:6: - this smells
like a pond

Levels and vault maps discovered:
D:1:      minmay_arrival_four_houses, layout_rooms, grunt_decor_cap
D:2:      layout_loops_cross, minmay_pentomino_v2, uniq_crazy_yiuf_cottage
D:3:      layout_rooms, mainiacjoe_overflow_cross_hatched,
          dreamdust_ecumenical_altar_statues, ebering_ghost_rock_garden,
          uniq_ijyb
D:4:      layout_loops_ring, fedhas_altar_4
D:5:      layout_basic, nicolae_ashenzari_skybound, uniq_eustachio
D:6:      layout_layer_cave, pdpol_temple_overflow_zin_treasury_gozag_greed,
          minmay_temple_entry_nine_rooms, uniq_menkaure
D:7:      layout_basic, hellmonk_ghost_happy_afterlife,
          hangedman_decor_peaks_small, nicolae_shop_self_help
D:8:      nzn_winding_woodlands_small [nzn_winding_woodlands_5x15_lazy_stream,
          nzn_winding_woodlands_center_pierced_h,
          nzn_winding_woodlands_5x15_sidewinder], layout_basic,
          kiku_gazebo_garden_becter, amcnicky_altar_gilded,
          minmay_lair_entry_grove, serial_shops, nicolae_lakefront_shop,
          serial_ice, serial_ice_f, serial_ice_h, serial_ice_m, serial_ice_c,
          grunt_decor_resistance, grunt_ministairs_2
D:9:      hangedman_cross_veins, layout_long_grid,
          grunt_temple_overflow_champion_of_chaos, david_orc_5
D:10:     layout_roguey, mainiacjoe_overflow_alcove_3, serial_curves,
          eino_curves_03, eino_curves_03, eino_curves_04, enter_bailey_6,
          dk_rats_in_the_wall
D:11:     minmay_glassy_protrusions, layout_irregular_city
Temple:   compressed_dpeg_triangle_lava_temple
Lair:1:   layout_regular_city, grunt_megastairs_1, infiniplex_staircase_pool
Lair:2:   layout_loops_ring, guppyfry_snake_entry_island, ebering_ghost_xom
Lair:3:   layout_regular_city
Lair:4:   layout_cave_shapes, minmay_shoals_entry_centaurs,
          nicolae_quartered_pool_little, lookout_lair_type, st_stairs_7,
          nzn_random_ring, minmay_lair_oklob_chamber, uniq_rupert
Lair:5:   layout_long_grid, minmay_slime_entry_oklob_enclosed,
          chequers_serial_rivers_marsh
Lair:6:   minmay_lair_end_frog_pond, layout_gridlike
Shoals:1: layout_shoals, argonaut_gorgonesque
Snake:1:  layout_concentric_octagons
Snake:2:  layout_cave_pods, basic_altar
Snake:3:  layout_grid_maze, grunt_megastairs_2
Snake:4:  snake_pit, layout_grid_shapes, lemuel_fruit_tree
Orc:1:    layout_caves, serial_shops, shop_coins
Orc:2:    st_orc_congregation, layout_caves, rock_pile, uniq_urug

Skill      XL: |  1  2  3  4  5  6  7  8  9 10 11 12 13 14 15 |
---------------+----------------------------------------------+-----
Summonings     | 5 6 7 9 11 12 13 15 | 15.4
Spellcasting   | 3 4 5 6 10 12 | 12.3
Stealth        | 2 4 6 |  6.0
Fighting       | 3 6 8 9 |  9.0
Hexes          | 4 6 |  6.0
Air Magic      | 4 6 |  6.0
Invocations    | 4 6 8 9 |  9.0
Dodging        | 4 6 |  6.0
Short Blades   | 3 6 |  6.0
Evocations     | 2 6 |  6.0
Poison Magic   | 4 6 |  6.0
Translocations | 6 8 9 |  9.0
Armour         | 6 8 |  8.2
Ice Magic      | 6 |  6.0

Action                   |  1- 3 |  4- 6 |  7- 9 | 10-12 | 13-15 | 16-18 || total
-------------------------+-------+-------+-------+-------+-------+-------++-------
Melee: Short sword       |    97 |   143 |   294 |   455 |   375 |       ||  1364
       Dagger            |       |       |    13 |   214 |   862 |    12 ||  1101
Throw: Dart              |       |     3 |     8 |    85 |    57 |       ||   153
       Stone             |       |     1 |     5 |       |     3 |       ||     9
 Cast: Summon Small Mamm |     9 |       |       |       |       |       ||     9
       Call Imp          |    16 |    30 |    52 |    86 |    29 |       ||   213
       Call Canine Famil |     1 |    18 |    36 |    84 |    92 |     1 ||   232
       Summon Lightning  |       |       |     2 |    43 |    59 |     3 ||   107
       Summon Guardian G |       |       |       |    23 |    32 |       ||    55
       Poisonous Vapours |       |       |       |     9 |   113 |     2 ||   124
       Summon Forest     |       |       |       |       |    18 |       ||    18
       Summon Ice Beast  |       |       |       |       |   135 |     4 ||   139
       Summon Mana Viper |       |       |       |       |    25 |       ||    25
Invok: Channel Magic     |       |       |       |     2 |     8 |       ||    10
 Abil: Hop               |       |     1 |     9 |    15 |    44 |     1 ||    70
       Evoke Invisibilit |       |       |       |       |     4 |       ||     4
Evoke: Wand              |       |       |    13 |    12 |    28 |       ||    53
  Use: Scroll            |       |     9 |     8 |     7 |    14 |       ||    38
       Potion            |       |       |     4 |     3 |     6 |     3 ||    16
 Stab: Sleeping          |     2 |     1 |     1 |     6 |     7 |       ||    17
       Distracted        |     1 |     2 |     7 |    11 |    19 |     1 ||    41
       Paralysed         |       |       |       |       |     1 |       ||     1
       Invisible         |       |       |       |       |     2 |       ||     2
Armor: Robe              |    35 |    54 |   154 |   258 |    25 |       ||   526
       Skin              |       |     4 |       |       |       |       ||     4
       Leather armour    |       |       |       |       |    76 |       ||    76
       Ring mail         |       |       |       |       |   344 |     2 ||   346
Dodge: Dodged            |    71 |   121 |   313 |   700 |   895 |    11 ||  2111
